 Dungeon Crawl Stone Soup version 0.28.0-53-g5a82cb258f (webtiles) character file.

Game seed: 18339673442086351211

13546 Ashen the Envoy of Void (level 12, -11/97 HPs)
             Began as a Formicid Abyssal Knight on Aug 13, 2022.
             Was a High Priest of Lugonu.
             Hit by a large rock thrown by a stone giant (31 damage)
             ... in a volcano.
             The game lasted 00:34:21 (15283 turns).

Ashen the Envoy of Void (Formicid Abyssal Knight)  Turns: 15283, Time: 00:34:22

Health: -11/97     AC: 19    Str: 19    XL:     12   Next: 34%
Magic:  19/19      EV: 11    Int: 10    God:    Lugonu [*****.]
Gold:   399        SH:  0    Dex: 15    Spells: 11/11 levels left

rFire   + + +      SeeInvis +   I - +5 long sword (freeze)
rCold   x . .      Faith    .   (no shield)
rNeg    + . .      Spirit   .   p - +3 chain mail
rPois   .          Reflect  .   (helmet unavailable)
rElec   .          Harm     .   M - +2 cloak {rF+}
rCorr   .          Rampage  .   a - +0 pair of gloves of Dishonour {-Cast rN+ Regen+}
Will    +....      NoCast   +   (no boots)
Stlth   ..........              f - amulet of regeneration
HPRegen 2.66/turn               l - ring of fire
MPRegen 0.16/turn               q - ring of protection from fire

@: no status effects
A: permanent stasis, dig shafts and tunnels, antennae 3, four strong arms,
regeneration 1, screaming 1, subdued magic 1
a: Dig, Renounce Religion, Depart the Abyss, Bend Space, Banish, Corrupt, Enter
the Abyss


You were in a volcano.
You worshipped Lugonu.
Lugonu was extremely pleased with you.
You visited 2 branches of the dungeon, and saw 13 of its levels.
You visited the Abyss 1 time.
You also visited: Ossuary and Volcano.

You collected 770 gold pieces.
You spent 371 gold pieces at shops.

Inventory:

Hand Weapons
 G - a +2 short sword of venom
 I - a +5 long sword of freezing (weapon)
 L - a +1 scimitar of flaming
Armour
 a - the +0 pair of gloves of Dishonour (worn) {-Cast rN+ Regen+}
   (You found it on level 1 of the Lair of Beasts)

   rN:        It protects you from negative energy.
   -Cast:     It prevents spellcasting.
   Regen:     It increases your rate of health regeneration.
 p - a +3 chain mail (worn)
 C - a +0 pair of gloves
 H - a +0 plate armour
 M - a +2 cloak of fire resistance (worn)
Jewellery
 d - a +6 ring of intelligence
 f - an amulet of regeneration (around neck)
 l - a ring of fire (left hand)
 q - a ring of protection from fire (right hand)
 w - an amulet of reflection
Wands
 v - a wand of flame (14)
 y - a wand of polymorph (10)
Scrolls
 g - 5 scrolls of teleportation {unknown}
 h - 2 scrolls of vulnerability {unknown}
 i - 4 scrolls of immolation
 j - a scroll of torment {unknown}
 m - 5 scrolls of amnesia {unknown}
 o - 5 scrolls of fear
 r - a scroll of fog {unknown}
 s - 3 scrolls of holy word {unknown}
 u - 3 scrolls of enchant weapon {unknown}
 z - a scroll of magic mapping
 A - a scroll of enchant armour
 B - a scroll of noise
 F - a scroll of acquirement {unknown}
 J - a scroll of summoning {unknown}
Potions
 b - 5 potions of lignification
 c - a potion of brilliance
 k - 4 potions of heal wounds
 n - a potion of resistance
 x - a potion of degeneration {unknown}
 D - 2 potions of curing {unknown}
 E - a potion of flight


   Skills:
 + Level 10.0 Fighting
 + Level 8.9 Long Blades
 + Level 9.8 Armour
 + Level 7.9 Dodging
 + Level 10.4 Invocations


You had 11 spell levels left.
You didn't know any spells.
Your spell library contained the following spells:

 Spells                   Type           Power      Damage    Failure   Level
 Foxfire                  Conj/Fire      0%         2x1d4     95%         1
 Conjure Flame            Conj/Fire      0%         6-21      100%        3
 Dazzling Flash           Conj/Hex       0%         N/A       100%        3
 Inner Flame              Hex/Fire       0%         N/A       100%        3
 Flame Wave               Conj/Fire      0%         2d4       100%        4
 Agony                    Necr           0%         N/A       100%        5
 Silence                  Hex/Air        0%         N/A       100%        5


Dungeon Overview and Level Annotations

Branches:
Dungeon (10/15)            Temple (0/1) D:6            Lair (3/6) D:9
 Shoals (0/4) Lair:3          Orc (0/2) D:9         Ossuary (visited)
Volcano (1/1)
  Snake: Lair:2-4    Spider: Lair:2-4

Altars:
Elyvilon
Kikubaaqudgha
Nemelex Xobeh
Ru

Shops:
D:2 (   D:4 ?   D:9 :

Annotations:
D:2 Terence
D:10 Urug
Lair:1 3 runed translucent doors, exclusion: 3 doors, diceflayer's ghost, journeyman DsFi


Innate Abilities, Weirdness & Mutations

You cannot be hasted, slowed, berserked, paralysed or teleported.
You can dig through walls and to a lower floor.
You have a pair of large antennae on your head. (SInv)
Your four strong arms can wield two-handed weapons with a shield.
Your natural rate of healing is unusually fast.
You occasionally shout uncontrollably at your foes.
Your spells are a little easier to cast, but a little less powerful.


Message History

There is a large open door here.
The stone giant shouts!
The stone giant throws a large rock.
The large rock hits you!!
You hit the stone giant but do no damage.
The stone giant hits you.
You hit the stone giant but do no damage.
The stone giant barely misses you.
You slash the stone giant! You freeze the stone giant.
The stone giant is lightly wounded.
The stone giant hits you but does no damage.
You hit the stone giant but do no damage.
The stone giant is lightly wounded.
The stone giant hits you!
You hit the stone giant. You freeze the stone giant.
The stone giant is lightly wounded.
The stone giant hits you but does no damage.
You hit the stone giant but do no damage.
The stone giant is lightly wounded.
The stone giant hits you!!
You hit the stone giant. You freeze the stone giant.
The stone giant is moderately wounded.
The stone giant closely misses you.
You hit the stone giant. You freeze the stone giant.
The stone giant is moderately wounded.
The stone giant barely misses you.
You slash the stone giant! You freeze the stone giant.
The stone giant is heavily wounded.
The stone giant hits you!! The stone giant hits you!!
* * * LOW HITPOINT WARNING * * *
There is a large open door, spattered with blood here.
There is an open door here.
There is an open door here.
The stone giant throws a large rock.
The large rock barely misses you.
You close the door.
A stone giant opens the door.
The stone giant throws a large rock.
The large rock hits you!!
* * * LOW HITPOINT WARNING * * *
The stone giant throws a large rock.
The large rock hits you!!
You die...

§≈§≈≈≈≈≈≈≈≈§§≈≈≈≈≈§§≈≈≈≈≈≈≈§≈≈...
≈§≈≈≈§≈≈≈§≈≈§§§≈≈≈§§≈≈≈≈≈≈≈§≈≈≈≈≈
≈§≈≈≈≈≈≈≈≈≈≈§§≈≈§≈≈§≈§§≈§≈≈≈≈§≈≈≈
≈§≈≈≈§≈≈§≈≈§≈≈≈§≈≈≈§§§≈≈§§§≈≈≈§§≈
≈≈§≈≈≈≈≈§.§.≈≈)≈≈§≈.≈.§≈.≈≈≈≈≈≈§°
§≈≈≈§≈§§..................≈≈§§§≈≈
≈≈§≈≈≈≈.########'########.≈§≈§≈≈≈
§≈§≈≈≈..# #.#.)....#..§§§≈≈≈
§§§§≈§§.# #@#.#([..#..≈≈≈≈≈≈
≈§≈§§≈..# #.#.#!...#.≈≈≈≈≈≈≈
≈§≈§≈§§.# .#.#.#.)..#..§≈§§§§
≈≈≈≈§≈§.######.#.#.######.≈≈≈≈≈≈§
≈≈≈≈§≈§.#......#.#......#..≈≈≈≈≈≈
§≈≈§§≈..###''###'###''###.≈≈§≈§≈≈
§§§§§§..#....#.C...#....#..≈≈≈≈≈≈
≈≈≈≈≈§≈.#.∩..#.8_8.#..∩.#.§≈§≈≈≈§
≈≈§≈≈§§.#..C.C.....'....#..≈≈≈≈≈§


You could see a stone giant.

Vanquished Creatures
  A gargoyle (Volcano)
  2 molten gargoyles (Volcano)
  3 cane toads (Lair:1)
  A komodo dragon (Lair:3)
  An efreet (Volcano)
  2 trolls (D:9)
  A polar bear (Lair:2)
  24 yaks
  A wyvern (D:7)
  2 fire bats (Volcano)
  A basilisk (Lair:2)
  2 steam dragons
  11 water moccasins
  Duvessa (D:7)
  A black bear (D:9)
  3 orc warriors
  3 necrophages
  3 sky beasts
  2 ogres
  7 wolves
  3 centaurs (D:8)
  2 phantoms
  2 elf zombies (Ossuary)
  5 bullfrogs
  3 scorpions
  A wyvern zombie (D:8)
  3 earth elementals (Volcano)
  Dowan (D:7)
  3 killer bees (D:8)
  3 wights
  6 howler monkeys
  A bullfrog zombie (D:5)
  6 lava snakes (Volcano)
  2 hounds
  4 orc priests
  A centaur zombie (D:6)
  A human zombie (Ossuary)
  3 jellies
  2 bullfrog skeletons
  A gnoll shaman (D:4)
  2 centaur skeletons
  2 orc wizards (D:4)
  A killer bee zombie (D:9)
  A hound skeleton (D:4)
  2 hound zombies (Ossuary)
  3 mummies (Ossuary)
  Robin (D:2)
  2 howler monkey zombies (D:7)
  8 gnolls
  A howler monkey skeleton (D:5)
  2 adders
  A white imp (D:8)
  4 adder zombies (Ossuary)
  An adder skeleton (D:4)
  2 dart slugs
  A worm (D:4)
  14 orcs
  6 bats
  5 endoplasms
  2 giant cockroaches (D:1)
  A gnoll zombie (Ossuary)
  9 hobgoblins
  11 jackals
  8 kobolds
  6 quokkas
  7 ball pythons
  2 frilled lizards
  20 goblins
  4 goblin zombies (Ossuary)
  5 hobgoblin zombies (Ossuary)
  2 jackal zombies (Ossuary)
  6 kobold zombies (Ossuary)
  2 orc zombies (Ossuary)
  2 quokka zombies (Ossuary)
  5 rats
  A rat zombie (Ossuary)
277 creatures vanquished.

Vanquished Creatures (others)
  15 fungi
  11 plants
26 creatures vanquished.

Grand Total: 303 creatures vanquished

Notes
Turn   | Place    | Note
-------+----------+-------------------------------------------
     0 | Abyss:1  | Ashen the Formicid Abyssal Knight began the quest for the
                  | Orb.
     0 | Abyss:1  | Reached XP level 1. HP: 18/18 MP: 2/2
    13 | D:1      | Escaped the Abyss
    46 | D:1      | Reached skill level 1 in Dodging
    60 | D:1      | Reached XP level 2. HP: 14/24 MP: 3/3
   278 | D:1      | Found a faded altar of an unknown god.
   486 | D:1      | Reached XP level 3. HP: 26/29 MP: 4/4
   673 | D:1      | Reached ** piety under Lugonu
  1274 | D:2      | Reached XP level 4. HP: 23/34 MP: 6/6
  1358 | D:2      | Noticed Robin
  1366 | D:2      | Killed Robin
  1532 | D:2      | Noticed Terence
  1795 | D:2      | Found Hugg's Weapon Shoppe.
  2202 | D:3      | Reached *** piety under Lugonu
  2521 | D:3      | Noticed a bullfrog
  2537 | D:3      | Killed a bullfrog
  2538 | D:3      | Reached XP level 5. HP: 11/42 MP: 7/7
  2905 | D:3      | Identified the +1 robe of Optimism {Archmagi}
  2907 | D:3      | Noticed a phantom
  2920 | D:3      | Killed a phantom
  2921 | D:3      | Reached XP level 6. HP: 27/49 MP: 8/8
  3438 | D:4      | Noticed a black bear
  3601 | D:4      | Found Xygyeh's Magic Scroll Shoppe.
  3614 | D:4      | Bought a scroll of fear for 49 gold pieces
  3614 | D:4      | Bought a scroll of identify for 28 gold pieces
  4107 | D:4      | Found a sacrificial altar of Ru.
  4253 | D:4      | Noticed an ogre
  4476 | D:4      | Reached XP level 7. HP: 41/55 MP: 10/10
  5073 | D:4      | Reached skill level 5 in Fighting
  5375 | D:4      | Reached **** piety under Lugonu
  5549 | D:4      | Bought a scroll of fear for 49 gold pieces
  5549 | D:4      | Bought a scroll of immolation for 49 gold pieces
  5555 | D:5      | Entered Level 5 of the Dungeon
  5607 | D:5      | Reached XP level 8. HP: 40/62 MP: 11/11
  5640 | D:5      | Found a sand-covered staircase.
  5645 | Ossuary  | Entered an ossuary
  5784 | Ossuary  | Reached skill level 5 in Invocations
  6167 | Ossuary  | Reached skill level 5 in Armour
  6219 | D:5      | Reached ***** piety under Lugonu
  7262 | D:6      | Found a staircase to the Ecumenical Temple.
  7386 | D:6      | Noticed a two-headed ogre
  7513 | D:6      | Reached skill level 5 in Long Blades
  7564 | D:6      | Reached XP level 9. HP: 69/69 MP: 13/13
  8443 | D:7      | Noticed Duvessa
  8443 | D:7      | Noticed Dowan
  9112 | D:7      | Killed Duvessa
  9113 | D:7      | Reached skill level 5 in Dodging
  9149 | D:7      | Killed Dowan
  9890 | D:4      | Bought a scroll of magic mapping for 49 gold pieces
  9890 | D:4      | Bought a scroll of enchant armour for 105 gold pieces
  9890 | D:4      | Bought a scroll of noise for 14 gold pieces
  9890 | D:4      | Bought a scroll of identify for 28 gold pieces
 10311 | D:8      | Reached XP level 10. HP: 52/79 MP: 15/15
 11567 | D:9      | Found a staircase to the Orcish Mines.
 11633 | D:9      | Found Plog's Book Emporium.
 12037 | D:9      | Found a white marble altar of Elyvilon.
 12037 | D:9      | Found an ancient bone altar of Kikubaaqudgha.
 12038 | D:9      | Found a sparkling altar of Nemelex Xobeh.
 12187 | D:9      | Found a staircase to the Lair.
 12581 | D:10     | Entered Level 10 of the Dungeon
 12583 | D:10     | Noticed Urug
 12614 | Lair:1   | Entered Level 1 of the Lair of Beasts
 12620 | Lair:1   | Noticed a six-headed hydra
 12658 | Lair:1   | Banished a six-headed hydra
 12659 | Lair:1   | Reached XP level 11. HP: 79/87 MP: 4/17
 12760 | Lair:1   | Identified the +0 pair of gloves of Dishonour {-Cast rN+
                  | Regen+}
 12860 | Lair:1   | Found a runed translucent gate.
 12860 | Lair:1   | Found a runed translucent gate.
 12860 | Lair:1   | Found a runed translucent gate.
 12860 | Lair:1   | Noticed diceflayer's ghost (journeyman DsFi)
 12861 | Lair:1   | Noticed a six-headed hydra
 14049 | Lair:2   | Reached XP level 12. HP: 85/94 MP: 19/19
 14055 | Lair:2   | Reached skill level 10 in Invocations
 14534 | Lair:3   | Found a staircase to the Shoals.
 14634 | Lair:3   | Found a dark tunnel.
 14655 | Volcano  | Entered a volcano
 14993 | Volcano  | Found a bloodstained altar of Trog.
 15031 | Volcano  | Noticed a stone giant
 15170 | Volcano  | Reached skill level 10 in Fighting
 15230 | Volcano  | Gained mutation: You sometimes lose the ability to read
                  | scrolls when taking damage. [potion of mutation]
 15230 | Volcano  | Gained mutation: You are agile. (Dex +2) [potion of
                  | mutation]
 15231 | Volcano  | Lost mutation: You are agile. (Dex +2) [potion of mutation]
 15231 | Volcano  | Lost mutation: You sometimes lose the ability to read
                  | scrolls when taking damage. [potion of mutation]
 15231 | Volcano  | Gained mutation: Your mind is acute. (Int +2) [potion of
                  | mutation]
 15231 | Volcano  | Gained mutation: Armour fits poorly on your strangely
                  | shaped body. [potion of mutation]
 15231 | Volcano  | Gained mutation: Your flesh is cold resistant. (rC+)
                  | [potion of mutation]
 15238 | Volcano  | Lost mutation: Your flesh is cold resistant. (rC+) [potion
                  | of mutation]
 15238 | Volcano  | Lost mutation: Armour fits poorly on your strangely shaped
                  | body. [potion of mutation]
 15238 | Volcano  | Lost mutation: Your mind is acute. (Int +2) [potion of
                  | mutation]
 15238 | Volcano  | Gained mutation: You expend magic power (3 MP) to
                  | strengthen your wands. [potion of mutation]
 15238 | Volcano  | Gained mutation: You are frail. (-10% HP) [potion of
                  | mutation]
 15238 | Volcano  | Gained mutation: You are agile. (Dex +2) [potion of
                  | mutation]
 15239 | Volcano  | Lost mutation: You expend magic power (3 MP) to strengthen
                  | your wands. [potion of mutation]
 15239 | Volcano  | Lost mutation: You are agile. (Dex +2) [potion of mutation]
 15239 | Volcano  | Lost mutation: You are frail. (-10% HP) [potion of
                  | mutation]
 15239 | Volcano  | Gained mutation: You occasionally shout uncontrollably at
                  | your foes. [potion of mutation]
 15239 | Volcano  | Gained mutation: Your spells are a little easier to cast,
                  | but a little less powerful. [potion of mutation]
 15239 | Volcano  | Gained mutation: Your natural rate of healing is unusually
                  | fast. [potion of mutation]
 15283 | Volcano  | Hit by a large rock thrown by a stone giant

Illustrated notes

Levels and vault maps discovered:
D:1:      scummos_arrival_checkerplants, layout_loops_ring,
          shapermc_ecumenical_altar_totnotflames
D:2:      layout_basic, serial_shops, nicolae_shop_bloodbath_and_beyond,
          nrook_loot_triangle, uniq_terence, uniq_robin
D:3:      layout_basic
D:4:      layout_layer_cave, mainiacjoe_overflow_small_starburst, serial_shops,
          shop
D:5:      layout_basic, enter_ossuary_5
D:6:      layout_basic, minmay_temple_entry_sparse_star, serial_park_tiny_pond
D:7:      layout_layer_cave, minmay_strange_pillars, uniq_duvessa
D:8:      layout_loops_corners
D:9:      layout_loops_ring, gammafunk_temple_overflow_claw,
          grunt_lair_entry_orc_guard_hut, david_orc_3, serial_shops,
          nicolae_shop_window_shopping
D:10:     cheibrodos_statue_roulette, layout_basic, hangedman_decor_points,
          uniq_snorg, uniq_urug
Lair:1:   layout_cave_pods, gammafunk_ghost_split
Lair:2:   layout_hall_layers, chequers_serial_rivers_room_a
Lair:3:   regret_index_wax_grids, layout_regular_city, elwin_shoals_entry_rocks,
          nicolae_volcano_entry_s_turn, guppyfry_lair_drakes
Volcano:  volcano_lake [vl_original]

Skill      XL: |  1  2  3  4  5  6  7  8  9 10 11 12 |
---------------+-------------------------------------+-----
Dodging        | 1 2 3 4 5 6 7 |  7.9
Invocations    | 3 4 5 7 8 9 10 | 10.4
Armour         | 3 4 5 6 8 9 |  9.8
Fighting       | 4 5 6 7 8 9 10 | 10.0
Long Blades    | 3 4 5 6 7 8 |  8.9

Action                   |  1- 3 |  4- 6 |  7- 9 | 10-12 || total
-------------------------+-------+-------+-------+-------++-------
Melee: Falchion          |   104 |   197 |   570 |   244 ||  1115
       Punch             |       |     4 |    19 |    19 ||    42
       Short sword       |       |       |       |    48 ||    48
       Long sword        |       |       |       |   377 ||   377
Invok: Banish            |       |       |       |     3 ||     3
 Abil: Dig               |     2 |     1 |     3 |     4 ||    10
  Use: Scroll            |       |     2 |     5 |     4 ||    11
       Potion            |       |       |       |     5 ||     5
Armor: Leather armour    |     7 |       |       |       ||     7
       Chain mail        |    39 |   170 |   367 |   420 ||   996
       Skin              |       |       |       |    39 ||    39
Dodge: Dodged            |    51 |    99 |   260 |   357 ||   767
